 Dungeon Crawl Stone Soup version 0.30-a0-808-g6e0788376e (webtiles) character file.

Game seed: 13023911809200708883

233 cforsyth the Sneak (level 6, -4/38 HPs)
             Began as a Kobold Brigand on Feb 25, 2023.
             Killed by divine providence
             ... invoked by an orc priest
              (17 damage)
             ... on level 3 of the Dungeon.
             The game lasted 00:02:03 (2177 turns).

cforsyth the Sneak (Kobold Brigand)                 Turns: 2177, Time: 00:02:04

Health: -4/38      AC:  3    Str:  8    XL:     6   Next: 26%
Magic:  6/6        EV: 16    Int: 13    God:
Gold:   135        SH:  0    Dex: 18    Spells: 5/5 levels left

rFire   . . .      SeeInvis +    a - +2 dagger
rCold   . . .      Faith    .    (no shield)
rNeg    . . .      Spirit   .    b - +0 robe
rPois   .          Reflect  .    v - +0 hat {SInv}
rElec   .          Harm     .    c - +0 cloak
rCorr   .          Rampage  .    (no gloves)
Will    .....                    (no boots)
Stlth   +++++                    (no amulet)
HPRegen 0.26/turn                (no ring)
MPRegen 0.10/turn                (no ring)

@: no status effects
A: small, no large weapons, nightstalker 3
a: no special abilities


You were on level 3 of the Dungeon.
You visited 1 branch of the dungeon, and saw 3 of its levels.

You collected 135 gold pieces.

Inventory:

Hand Weapons
 a - a +2 dagger (weapon)
Missiles
 d - 11 poisoned darts (quivered)
 e - 3 curare-tipped darts
Armour
 b - a +0 robe (worn)
 c - a +0 cloak (worn)
 v - a +0 hat of see invisible (worn)
Jewellery
 g - an amulet of magic regeneration
 i - an amulet of regeneration
 m - a ring of ice
Scrolls
 f - a scroll of brand weapon {unknown}
 h - a scroll of vulnerability {unknown}
 j - a scroll of enchant armour {unknown}
 o - 2 scrolls of noise {unknown}
 p - a scroll of teleportation {unknown}
 r - a scroll of magic mapping {unknown}
 t - a scroll of fear {unknown}
 u - a scroll of blinking {unknown}
Potions
 k - 4 potions of curing {unknown}
 l - a potion of lignification {unknown}
 n - a potion of might
 q - a potion of flight {unknown}
 s - a potion of magic {unknown}


   Skills:
 + Level 3.7 Fighting
 + Level 4.7 Short Blades
 - Level 2.1 Throwing
 + Level 3.4 Dodging
 + Level 6.7 Stealth


You had 5 spell levels left.
You didn't know any spells.
Your spell library contained the following spells:

 Spells                   Type           Power      Damage    Failure   Level
 Kiss of Death            Conj/Necr      0%         2d5       30%         1
 Confusing Touch          Hex            0%         N/A       67%         3
 Vhi's Electric Charge    Tloc/Air       0%         N/A       67%         3
 Dispel Undead            Necr           0%         3d6       97%         4
 Arcjolt                  Conj/Air       0%         1d10      100%        5
 Maxwell's Capacitive Co  Air            0%         ∞         100%        8


Dungeon Overview and Level Annotations

Branches:
Dungeon (3/15)

Altars:

Shops:
D:1 (


Innate Abilities, Weirdness & Mutations

You are small and have problems with some larger weapons.
You are completely attuned to the shadows.


Message History

The orc priest misses you. The orc barely misses you.
The orc hits you but does no damage.
You hit the orc priest.
The orc priest is moderately wounded.
You hit the orc priest but do no damage.
The orc priest is moderately wounded.
The orc priest closely misses you. The orc hits you with a +0 dagger.
The orc completely misses you.
You barely miss the orc priest.
The orc priest is moderately wounded.
The orc priest misses you. The orc completely misses you.
The orc hits you with a +0 club.
You barely miss the orc priest.
The orc priest is moderately wounded.
The orc priest hits you with a +0 club. The orc hits you with a +0 dagger.
The orc barely misses you.
You hit the orc priest but do no damage.
The orc priest is moderately wounded.
You closely miss the orc priest. Your punch misses the orc priest.
The orc priest is moderately wounded.
The orc priest completely misses you. The orc misses you.
The orc barely misses you.
You barely miss the orc priest.
The orc priest is moderately wounded.
The orc priest closely misses you. The orc hits you but does no damage.
The orc misses you.
You closely miss the orc priest.
The orc priest is moderately wounded.
The orc priest closely misses you. The orc hits you but does no damage. x2
You hit the orc priest.
The orc priest is severely wounded.
You closely miss the orc priest.
The orc priest is severely wounded.
The orc priest casts a cantrip, but nothing happens.
The orc closely misses you. x2
You completely miss the orc priest.
The orc priest is severely wounded.
The orc priest mumbles some strange prayers to Beogh against you.
Beogh smites you!
You die...

###.....###
...(.##.#
.###.##.#
#..#.#
##.#.#
#.#.# #..†#
##..##
##@o#
#oo..#
.l...#
#.#.... #.
#.#.


You could see an iguana, an orc priest and 2 orcs.

Vanquished Creatures
  Sigmund (D:2)
  2 adders
  A worm (D:2)
  A dart slug (D:3)
  5 endoplasms
  3 giant cockroaches
  4 goblins
  7 hobgoblins
  2 quokkas
  3 ball pythons (D:1)
  3 frilled lizards
  3 kobolds (D:2)
  2 rats (D:2)
37 creatures vanquished.

Vanquished Creatures (others)
  A plant (D:2)
1 creature vanquished.

Grand Total: 38 creatures vanquished

Notes
Turn   | Place    | Note
-------+----------+-------------------------------------------
     0 | D:1      | cforsyth the Kobold Brigand began the quest for the Orb.
     0 | D:1      | Reached XP level 1. HP: 12/12 MP: 1/1
   239 | D:1      | Found Kysojac's Weapon Boutique.
   242 | D:1      | Reached XP level 2. HP: 18/18 MP: 2/2
   545 | D:1      | Reached XP level 3. HP: 22/22 MP: 3/3
   726 | D:1      | Found a faded altar of an unknown god.
  1047 | D:2      | HP: 1/22 [worm (3)]
  1335 | D:2      | Noticed Sigmund
  1744 | D:2      | Reached XP level 4. HP: 26/27 MP: 4/4
  1788 | D:2      | Killed Sigmund
  1789 | D:2      | Reached skill level 6 in Stealth
  1789 | D:2      | Reached XP level 5. HP: 31/33 MP: 5/5
  1789 | D:2      | Reached XP level 6. HP: 36/38 MP: 6/6
  2177 | D:3      | Killed from afar by an orc priest

Illustrated notes

Levels and vault maps discovered:
D:1:      psy_arrival_conway, layout_loops_cross, serial_shops, shop,
          shapermc_ecumenical_altar_acropolis, minivault_25
D:2:      layout_basic, serial_bayou, serial_bayou_crossing,
          serial_bayou_pond_d, serial_bayou_pond_c, serial_bayou_pond_d,
          serial_bayou_pond_d, chequers_big_river, reono_crystal_passage,
          minmay_misc_feat_five, uniq_sigmund
D:3:      layout_rooms, nicolae_overflow_crystal_walls,
          ebering_ghost_reflecting_pool, serial_shops,
          nicolae_shop_temple_entry_statues_fountains, kennysheep_donut,
          roderic_malta_cross, uniq_terence, uniq_grinder, uniq_robin,
          uniq_natasha

Skill      XL: |  1  2  3  4 |
---------------+-------------+-----
Short Blades   | 3 4 |  4.7
Dodging        | 2 3 |  3.4
Fighting       | 3 |  3.7
Stealth        | 6 |  6.7
Throwing       | |  2.1

Action                     |  1- 3 |  4- 6 || total
---------------------------+-------+-------++-------
  Melee: Dagger            |    61 |    37 ||    98
    Use: Potion            |     1 |       ||     1
   Stab: Sleeping          |    22 |     3 ||    25
         Distracted        |       |     1 ||     1
 Armour: Robe              |     1 |     5 ||     6
  Dodge: Dodged            |    21 |    27 ||    48

Table legend: (Time is in decaauts)
 A = Elapsed time spent in this place.
 B = Non-inter-level travel time spent in this place.
 C = Inter-level travel time spent in this place.
 D = Time resting spent in this place.
 E = Time spent auto-exploring this place.
 F = Levels seen in this place.
 G = Mean time per level.
                   A        B        C        D        E       F      G
               +--------+--------+--------+--------+--------+-----+--------+
         Total |   2188 |   2095 |     93 |    123 |   1605 |   3 |  729.3 |
       Dungeon |   2188 |   2095 |     93 |    123 |   1605 |   3 |  729.3 |
               +--------+--------+--------+--------+--------+-----+--------+

Top non-repeatable levels by time:
     D:2: 1094 daAuts
     D:1: 982 daAuts
     D:3: 110 daAuts
